 Dungeon Crawl Stone Soup version 0.19.0-11-g3fc08b3 (webtiles) character file.

9 Chiseanne the Magician (level 2, 19/19 HPs)
             Began as a Demonspawn Wizard on Nov 9, 2016.
             Quit the game on level 1 of the Dungeon.
             The game lasted 00:01:09 (375 turns).

Chiseanne the Magician (Demonspawn Wizard)           Turns: 375, Time: 00:01:09

Health: 19/19      AC:  2    Str:  7    XL:     2   Next: 3%
Magic:  3/6        EV: 12    Int: 19    God:
Gold:   11         SH:  0    Dex: 11    Spells: 1 memorised, 6 levels left

rFire  . . .     SeeInvis .     f - +0 short sword
rCold  . . .     Gourm    .     a - +0 robe
rNeg   . . .     Faith    .     (no shield)
rPois  .         Spirit   .     b - +0 hat
rElec  .         Reflect  .     (no cloak)
rCorr  .         Harm     .     (no gloves)
MR     .....                    (no boots)
Stlth  ++........               (no amulet)
                                (no ring)
                                (no ring)

@: no status effects
A: antennae 1
a: no special abilities


You were on level 1 of the Dungeon.
You were not hungry.

You visited 1 branch of the dungeon, and saw 1 of its levels.

You collected 11 gold pieces.

Inventory:

Hand Weapons
 f - a +0 short sword (weapon)
Missiles
 g - 3 stones (quivered)
Armour
 a - a +0 robe (worn)
 b - a +0 hat (worn)
Scrolls
 e - 2 scrolls of identify {unknown}
Books
 c - a book of Minor Magic

   Spells                             Type                      Level
   a - Magic Dart                     Conjuration                  1
   b - Blink                          Translocation                2
   c - Call Imp                       Summoning                    2
   d - Repel Missiles                 Charms/Air                   2
   e - Slow                           Hexes                        2
   f - Conjure Flame                  Conjuration/Fire             3
   g - Mephitic Cloud                 Conjuration/Poison/Air       3
Comestibles
 d - a bread ration
 h - 3 fruits


   Skills:
 + Level 2.0 Dodging
 + Level 2.1 Stealth
 + Level 3.0 Spellcasting
 + Level 1.1 Conjurations
   Level 1.0 Summonings
   Level 0.8 Translocations


You had 6 spell levels left.
You knew the following spells:

 Your Spells              Type           Power        Failure   Level  Hunger
a - Magic Dart            Conj           #...         12%         1    None


Dungeon Overview and Level Annotations

Branches:
Dungeon (1/15)

Altars:


Innate Abilities, Weirdness & Mutations

You have a pair of small antennae on your head.


Message History

A kobold comes into view.
Casting: Magic Dart
Confirm with . or Enter, or press ? or * to list all spells.
Aiming: Magic Dart
Press: ? - help, Shift-Dir - straight line, f - kobold
Aim: a kobold (resting)
The magic dart hits the kobold.
The kobold is severely wounded.
The kobold shouts!
Casting: Magic Dart
Confirm with . or Enter, or press ? or * to list all spells.
Aiming: Magic Dart
Press: ? - help, Shift-Dir - straight line, f/p - kobold
Aim: a kobold (severely wounded)
The magic dart hits the kobold.
You kill the kobold!
You have reached level 2!
Your demonic ancestry asserts itself...
A pair of antennae grows on your head!
Are you sure you want to abandon this character and quit the game? (Confirm with "yes".)

##...........####
#...# #.#
#..............#
##..# #.#
#..........###.#
#..# #.#
#............# #
#..# #.#
#..........#.# #
#... #.#
#########.##.#.#
...##.# #.##.#.#
#.# #......# ...
####@### ..#
............#
....
...####.###.#
#... #.# #... #.#
... #.# #..


There were no monsters in sight!

Vanquished Creatures
  A bat (D:1)
  A hobgoblin (D:1)
  A frilled lizard (D:1)
  4 kobolds (D:1)
  2 rats (D:1)
9 creatures vanquished.

Notes
Turn   | Place    | Note
-------+----------+-------------------------------------------
     0 | D:1      | Chiseanne the Demonspawn Wizard began the quest for the Orb.
     0 | D:1      | Reached XP level 1. HP: 13/13 MP: 4/4
     0 | D:1      | Chiseanne: I I mean
     0 | D:1      | Chiseanne: bad travel delay -1
     0 | D:1      | Chiseanne: thats what the text file is suggesting
     0 | D:1      | Chiseanne: lol
     0 | D:1      | Chiseanne: how can that be my fault?
     0 | D:1      | WhatIsLove: Trump screwed up all the RCs, damn it.
     0 | D:1      | Chiseanne: yes lets balemit on him!
     0 | D:1      | Chiseanne: blame
     0 | D:1      | Chiseanne: it
     0 | D:1      | Chiseanne: ant type
     0 | D:1      | WhatIsLove: already did
     0 | D:1      | Chiseanne: cant
   374 | D:1      | Gained mutation: You have a pair of small antennae on your head. [demonic ancestry]
   374 | D:1      | Reached XP level 2. HP: 19/19 MP: 3/6
   375 | D:1      | Chiseanne: bleh
   375 | D:1      | Quit the game

Skill      XL: |  1 |
---------------+----+-----
Dodging        | 2 |  2.0
Stealth        | 2 |  2.1
Spellcasting   | |  3.0
Conjurations   | |  1.1
Summonings     | |  1.0
Translocations | |  0.8

Action                   || total
-------------------------++-------
Melee: Short sword       ||     3
 Cast: Magic Dart        ||    18
Armor: Robe              ||     1
Dodge: Dodged            ||     4
